 Dungeon Crawl Stone Soup version 0.31-a0-986-g5e6e4ef867 (webtiles) character file.

Game seed: 14308844163321067136

144 Persephone the Chopper (level 5, -3/45 HPs)
             Began as a Minotaur Monk on Nov 12, 2023.
             Slain by an ogre
             ... wielding a +0 giant club
              (18 damage)
             ... on level 4 of the Dungeon.
             The game lasted 00:02:43 (2597 turns).

Persephone the Chopper (Minotaur Monk)              Turns: 2597, Time: 00:02:43

Health: -3/45      AC: 10    Str: 18    XL:     5   Next: 5%
Magic:  4/4        EV:  5    Int:  7    God:
Gold:   114        SH:  0    Dex: 12    Spells: 4/4 levels left

rFire   . . .        a - +0 hand axe
rCold   . . .        d - orb {light}
rNeg    . . .        k - +0 plate armour
rPois   .            (helmet restricted)
rElec   .            (no cloak)
rCorr   .            (no gloves)
SInv    .            (no boots)
Will    .....        (no amulet) Stlth
                     (no ring)
HPRegen 0.27/turn    (no ring)
MPRegen 0.09/turn

%: no passive effects
@: glowing
A: horns 2, retaliatory headbutt
a: no special abilities


You were on level 4 of the Dungeon.
You visited 1 branch of the dungeon, and saw 4 of its levels.

You collected 114 gold pieces.

Inventory:

Hand Weapons
 a - a +0 hand axe (weapon)
Armour
 b - a +0 robe
 d - an orb of light (worn)
 k - a +0 plate armour (worn)
Scrolls
 c - a scroll of torment
Potions
 i - 2 potions of curing
 j - 2 potions of attraction
 m - a potion of degeneration
 n - a potion of lignification


   Skills:
 - Level 3.6 Fighting
 + Level 7.0 Axes
 - Level 3.2 Dodging


You had 4 spell levels left.
You didn't know any spells.
Your spell library contained the following spells:

 Spells                   Type           Power      Damage    Failure   Level
 Magic Dart               Conj           0%         1d3       100%        1
 Searing Ray              Conj           0%         2d4       100%        2
 Fulminant Prism          Conj/Hex       0%         3d5       100%        4


Dungeon Overview and Level Annotations

Branches:
Dungeon (4/15)
 Temple: D:4-7

Altars:
Hepliaklqana
Uskayaw
Xom


Innate Abilities, Weirdness & Mutations

You have a pair of horns on your head.
You reflexively headbutt those who attack you in melee.


Message History

It is a scroll of amnesia.
You feel forgetful for a moment.
Your bat dissolves into shadows!
Your ball python dissolves into shadows!
Auto Killed stopped - Done exploring.
Done exploring.
Auto Identify Stopped - nothing left to identify.
Auto Identify Stopped - nothing left to identify.
What level of the Dungeon? (default 3, ? - help)
There is a stone staircase leading down here.
You climb downwards.
You hear the hiss of flowing sand.
There is an entrance to an ossuary on this level.
Hurry and find it before the portal is buried!
Auto kill stopped - Too dangerous: Extremely Dangerous (1) Dangerous (0) Easy (0) Harmless (0) x2
The ogre shouts!
You hear a shout!
Auto kill stopped - Too dangerous: Extremely Dangerous (1) Dangerous (0) Easy (0) Harmless (0)
There is a stone staircase leading up here.
An ogre is nearby!
Auto kill stopped - Too dangerous: Extremely Dangerous (1) Dangerous (0) Easy (0) Harmless (0)
Okay, then.
Okay, then.
An orc comes into view. It is wielding a +0 war axe.
The orc shouts!
You hear a shout!
The ogre hits you with a +0 giant club!
The orc moves out of view.
An orc wizard comes into view. It is wielding a +0 dagger.
You slash the ogre!
The ogre is moderately wounded.
You slash the ogre!
The ogre is heavily wounded.
The ogre hits you with a +0 giant club!
You hit the ogre.
The ogre is heavily wounded.
You hit the ogre.
The ogre is severely wounded.
The ogre barely misses you.
You hit the ogre.
The ogre is almost dead.
An orc wizard comes into view. It is wielding a +0 dagger. x2
The ogre hits you with a +0 giant club!!
You die... #.# #.#. ....# o .....##### oo.

........# .=o..
#.....###......
##..............
#....<..##.....$
..........@O..#
..#.......###.#
###...### #...#
##.## #. .. ##


You could see an ogre and 3 orc wizards.

Vanquished Creatures
  A sleepcap (D:3)
  Terence (D:2)
  3 adders
  2 dart slugs
  2 worms (D:2)
  An orc (D:3)
  4 bats
  3 endoplasms
  3 giant cockroaches
  3 goblins
  5 hobgoblins
  2 jackals (D:2)
  2 quokkas
  5 ball pythons
  3 frilled lizards
  8 kobolds
  8 rats
56 creatures vanquished.

Notes
Turn   | Place    | Note
-------+----------+-------------------------------------------
     0 | D:1      | Persephone the Minotaur Monk began the quest for the Orb.
     0 | D:1      | Reached XP level 1. HP: 19/19 MP: 0/0
    69 | D:1      | Reached skill level 4 in Axes
   123 | D:1      | Reached XP level 2. HP: 21/26 MP: 1/1
   390 | D:1      | Found a faded altar of an unknown god.
   843 | D:1      | Found a hide-covered altar of Uskayaw.
   935 | D:2      | Reached skill level 5 in Axes
  1026 | D:2      | Reached XP level 3. HP: 31/31 MP: 2/2
  1397 | D:2      | Noticed Terence
  1411 | D:2      | Killed Terence
  1436 | D:2      | Reached XP level 4. HP: 39/39 MP: 3/3
  1472 | D:2      | Reached skill level 6 in Axes
  2247 | D:3      | Reached XP level 5. HP: 45/45 MP: 4/4
  2280 | D:3      | Found a shimmering altar of Xom.
  2282 | D:3      | Found a hazy altar of Hepliaklqana.
  2282 | D:3      | Noticed a yak
  2284 | D:3      | Noticed a spectral ugly thing
  2284 | D:3      | Noticed a yak
  2337 | D:3      | Reached skill level 7 in Axes
  2589 | D:4      | Noticed an ogre
  2597 | D:4      | Slain by an ogre

Illustrated notes

Levels and vault maps discovered:
D:1:      dpeg_arrival_water_altar, layout_basic,
          chequers_ecumenical_altar_simple_redux
D:2:      layout_basic, uniq_terence
D:3:      layout_rooms, regret_index_temple_of_mockery, roderic_lattice_a
D:4:      layout_loops_ring, enter_ossuary_2, serial_glass, glass_columns_c,
          glass_columns_a, glass_columns_c, glass_columns_b, uniq_pikel,
          uniq_sigmund

Skill      XL: |  1  2  3  4  5 |
---------------+----------------+-----
Axes           | 4 5 6 7 |  7.0
Fighting       | |  3.6
Dodging        | |  3.2

Action                     |  1- 3 |  4- 6 || total
---------------------------+-------+-------++-------
  Melee: Hand axe          |    67 |    54 ||   121
         Headbutt          |    16 |    13 ||    29
    Use: Potion            |     1 |       ||     1
         Scroll            |       |    10 ||    10
 Armour: Robe              |    22 |       ||    22
         Plate armour      |    23 |    37 ||    60
  Dodge: Dodged            |    25 |    12 ||    37

Table legend: (Time is in decaauts)
 A = Elapsed time spent in this place.
 B = Non-inter-level travel time spent in this place.
 C = Inter-level travel time spent in this place.
 D = Time resting spent in this place.
 E = Time spent auto-exploring this place.
 F = Levels seen in this place.
 G = Mean time per level.
                   A        B        C        D        E       F      G
               +--------+--------+--------+--------+--------+-----+--------+
         Total |   2600 |   2459 |    141 |      0 |   2112 |   4 |  650.0 |
       Dungeon |   2600 |   2459 |    141 |      0 |   2112 |   4 |  650.0 |
               +--------+--------+--------+--------+--------+-----+--------+

Top non-repeatable levels by time:
     D:1: 936 daAuts
     D:2: 890 daAuts
     D:3: 765 daAuts
     D:4: 7 daAuts
